 Dungeon Crawl Stone Soup version 0.26.0-18-gc5c842f807 (webtiles) character file.

Game seed: 1339015691898816901

90 thiole the Sneak (level 4, 0/27 HPs)
             Began as an Octopode Hedge Wizard on Jan 23, 2021.
             Blown up by Ijyb (23 damage)
             ... with a disintegration bolt
             ... on level 3 of the Dungeon.
             The game lasted 00:03:46 (2859 turns).

thiole the Sneak (Octopode Hedge Wizard)            Turns: 2859, Time: 00:03:46

Health: 0/27       AC:  1    Str:  9    XL:     4   Next: 56%
Magic:  9/9        EV: 13    Int: 17    God:
Gold:   79         SH:  0    Dex: 11    Spells: 1/9 levels left

rFire    . . .     SeeInvis .   c - +3 short sword
rCold    . . .     Faith    .   (no shield)
rNeg     . . .     Spirit   .   b - +0 hat
rPois    .         Reflect  .   (no amulet)
rElec    .         Harm     .   (no ring)
rCorr    .         Rampage  .   (no ring)
Will     .....                  (no ring)
Stlth    +++.......             (no ring)
HPRegen  0.09/turn              (no ring)
MPRegen  0.11/turn              (no ring)
                                (no ring)
                                (no ring)

@: no status effects
A: almost no armour, stealthy swim, amphibious, 8 rings, constrict 8, camouflage
1, gelatinous body 1
a: no special abilities


You were on level 3 of the Dungeon.
You visited 1 branch of the dungeon, and saw 3 of its levels.

You collected 79 gold pieces.

Inventory:

Hand Weapons
 a - a +0 dagger
 c - a +3 short sword (weapon)
Armour
 b - a +0 hat (worn)
Jewellery
 g - an uncursed ring of ice {unknown}
Scrolls
 d - a scroll of remove curse {unknown}
 e - a scroll of blinking {unknown}
 f - a scroll of magic mapping {unknown}
Potions
 h - a potion of magic
 i - a potion of might {unknown}
 j - a potion of degeneration {unknown}
 k - a potion of heal wounds {unknown}
 l - 2 potions of curing


   Skills:
 - Level 2.0 Dodging
 + Level 3.7 Stealth
 + Level 3.3 Spellcasting
 * Level 2.5 Conjurations
 - Level 2.0 Summonings
 - Level 1.0 Translocations
 + Level 1.1 Air Magic


You had one spell level left.
You knew the following spells:

 Your Spells              Type           Power        Failure   Level
a - Magic Dart            Conj           44%          6%          1
b - Call Imp              Summ           9%           11%         2
c - Slow                  Hex            2%           26%         2
d - Mephitic Cloud        Conj/Pois/Air  6%           30%         3

Your spell library contained the following spells:

 Spells                   Type           Power        Failure   Level
 Blink                    Tloc           N/A          17%         2
 Conjure Flame            Conj/Fire      7%           30%         3
 Gell's Gravitas          Tloc           3%           32%         3
 Confusing Touch          Hex            2%           45%         3
 Petrify                  Tmut/Erth      2%           86%         4
 Metabolic Englaciation   Hex/Ice        1%           99%         5
 Yara's Violent Unravell  Hex/Tmut       1%           99%         5


Dungeon Overview and Level Annotations

Branches:
Dungeon (3/15)

Altars:

Annotations:
D:3 Ijyb


Innate Abilities, Weirdness & Mutations

You cannot wear most types of armour.
You are very stealthy in the water. (Stealth+)
You are amphibious.
You can wear up to eight rings at the same time.
You can use your tentacles to constrict eight enemies at once.
Your skin changes colour to match your surroundings (Stealth+).
Your rubbery body absorbs attacks. (AC +1, EV +1)


Message History

You kill the frilled lizard!
No target in view!
No target in view!
Found a mace.
You pick up a book of Misfortune and begin reading...
You add the spells Confusing Touch, Gell's Gravitas, Petrify, Metabolic Englaciation and Yara's Violent Unravelling to your library.
Okay, then.
Ijyb the Twisted Goblin comes into view.
She is carrying a wand of disintegration (17).
Ijyb is nearby!
Ijyb shouts!
Ijyb screams, "Get away!"
Ijyb barely misses you.
You barely miss Ijyb. You grab Ijyb. You squeeze Ijyb, but do no damage.
You constrict Ijyb, but do no damage. Ijyb hits you.
You hit Ijyb but do no damage. You constrict Ijyb, but do no damage.
Ijyb barely misses you.
You hit Ijyb but do no damage. You constrict Ijyb, but do no damage.
Ijyb zaps a wand.
You are blasted!
Ouch! That really hurt!
You die...

#.# #.# #############.#
.............>##
#######.#####...
###############.#####.##
........................
........#######.#####.##
##...##@# #.........#
#.. #g.# #.#.####### #
##.## #.#.#
######..###.#.#
#........##.#.#
#........##.#.#
#........##.#.#
#.........#.#.#
#.........#.#


You could see Ijyb.

Vanquished Creatures
  Terence (D:2)
  2 adders (D:2)
  An ooze (D:3)
  3 dart slugs
  An orc (D:3)
  7 goblins
  4 hobgoblins
  7 kobolds
  11 bats
  5 frilled lizards
  6 rats
48 creatures vanquished.

Notes
Turn   | Place    | Note
-------+----------+-------------------------------------------
     0 | D:1      | thiole the Octopode Hedge Wizard began the quest for the
                  | Orb.
     0 | D:1      | Reached XP level 1. HP: 11/11 MP: 4/4
   378 | D:1      | Reached XP level 2. HP: 17/17 MP: 1/6
   381 | D:1      | Learned a level 2 spell: Call Imp
   384 | D:1      | Learned a level 2 spell: Slow
   950 | D:1      | Reached XP level 3. HP: 21/21 MP: 3/7
   954 | D:1      | Learned a level 3 spell: Mephitic Cloud
  1827 | D:2      | Reached XP level 4. HP: 26/27 MP: 6/8
  1986 | D:2      | Noticed Terence
  2034 | D:2      | Killed Terence
  2035 | D:2      | Reached skill level 1 in Air Magic
  2831 | D:3      | Noticed Ijyb
  2859 | D:3      | Blown up by Ijyb

Illustrated notes

Levels and vault maps discovered:
D:1:      dpeg_arrival_court, layout_basic, minmay_heptomino_d4
D:2:      layout_basic, uniq_terence
D:3:      layout_basic, uniq_ijyb

Skill      XL: |  1  2  3  4 |
---------------+-------------+-----
Stealth        | 3 |  3.7
Conjurations   | 2 |  2.5
Summonings     | 2 |  2.0
Air Magic      | 1 |  1.1
Dodging        | |  2.0
Spellcasting   | |  3.3
Translocations | |  1.0

Action                   |  1- 3 |  4- 6 || total
-------------------------+-------+-------++-------
Melee: Dagger            |     9 |       ||     9
       Constrict         |     6 |     3 ||     9
       Tentacles         |     2 |     3 ||     5
       Short sword       |    16 |    13 ||    29
 Cast: Magic Dart        |    72 |    23 ||    95
       Call Imp          |       |     4 ||     4
  Use: Scroll            |       |     2 ||     2
Armor: Skin              |     2 |     1 ||     3
Dodge: Dodged            |    12 |     5 ||    17
